 Dungeon Crawl Stone Soup version 0.28-a0-1080-g05a166d0ed (webtiles) character file.

Game seed: 11804836739354765237

53 octoduck the Chopper (level 3, -2/31 HPs)
             Began as a Hill Orc Berserker on Nov 30, 2021.
             Was a Follower of Trog.
             Slain by a gnoll (7 damage)
             ... on level 2 of the Dungeon on Dec 9, 2021.
             The game lasted 00:04:14 (1384 turns).

octoduck the Chopper (Hill Orc Berserker)           Turns: 1384, Time: 00:04:15

Health: -2/31      AC:  9    Str: 19    XL:     3   Next: 89%
Magic:  3/3        EV: 10    Int:  7    God:    Trog [*.....]
Gold:   33         SH:  0    Dex: 11    Spells: 2/2 levels left

rFire   . . .      SeeInvis .   a - +0 hand axe
rCold   . . .      Faith    .   (no shield)
rNeg    . . .      Spirit   .   e - +0 scale mail
rPois   .          Reflect  .   (no helmet)
rElec   .          Harm     .   (no cloak)
rCorr   .          Rampage  .   b - +2 pair of gloves
Will    .....                   (no boots)
Stlth   ..........              (no amulet)
HPRegen 0.10/turn               (no ring)
MPRegen 0.08/turn               (no ring)

@: on berserk cooldown, slowed, very slow
A: no striking features
a: Renounce Religion, Berserk


You were on level 2 of the Dungeon.
You worshipped Trog.
Trog was aware of your devotion.
You visited 1 branch of the dungeon, and saw 2 of its levels.

You collected 33 gold pieces.

Inventory:

Hand Weapons
 a - a +0 hand axe (weapon)
Armour
 b - a +2 pair of gloves (worn)
 e - a +0 scale mail (worn)
Scrolls
 c - 2 scrolls of enchant armour
Potions
 d - 2 potions of curing {unknown}


   Skills:
 - Level 3.6 Fighting
 + Level 6.2 Axes
 - Level 2.1 Armour
 - Level 1.5 Dodging


You had 2 spell levels left.
You didn't know any spells.
Your spell library was empty.

Dungeon Overview and Level Annotations

Branches:
Dungeon (2/15)

Altars:


Message History

You slash the gnoll!
The gnoll is heavily wounded.
You hit the gnoll.
The gnoll is almost dead.
The gnoll hits you with a +0 halberd.
You closely miss the gnoll.
The gnoll is almost dead.
You are no longer berserk.
You are exhausted.
You feel yourself slow down.
You barely miss the gnoll.
The gnoll is almost dead.
The gnoll barely misses you. x2
You closely miss the gnoll.
The gnoll is almost dead.
The gnoll barely misses you.
You closely miss the gnoll.
The gnoll is almost dead.
The gnoll barely misses you. x2
You barely miss the gnoll.
The gnoll is almost dead.
The gnoll hits you with a +0 halberd!
* * * LOW HITPOINT WARNING * * *
You closely miss the gnoll.
The gnoll is almost dead.
The gnoll hits you with a +0 halberd.
* * * LOW HITPOINT WARNING * * *
The gnoll closely misses you.
Cleave: a) +0 hand axe
Press: ? - help, Dir - move target, f - gnoll
Aim: a gnoll, wielding a +0 halberd (almost dead, about 35% to evade your +0 hand axe)
Okay, then.
You aren't carrying any items that you can evoke.
You hit the gnoll but do no damage.
The gnoll is almost dead.
The gnoll misses you.
You hit the gnoll but do no damage.
The gnoll is almost dead.
The gnoll hits you with a +0 halberd!
You die...

#.# #.# #.# #.#
#.# ######.#
.######......#
........#########
.#######g@).....#
#.######.#
gg......#
#########


You could see a gnoll.

Vanquished Creatures
  2 gnolls (D:2)
  4 endoplasms (D:1)
  A giant cockroach (D:1)
  4 goblins (D:1)
  3 hobgoblins
  3 jackals (D:2)
  2 kobolds
  4 ball pythons
  5 bats
  2 frilled lizards (D:1)
  A rat (D:1)
31 creatures vanquished.

Notes
Turn   | Place    | Note
-------+----------+-------------------------------------------
     0 | D:1      | octoduck the Hill Orc Berserker began the quest for the
                  | Orb.
     0 | D:1      | Reached XP level 1. HP: 19/19 MP: 1/1
   230 | D:1      | Reached XP level 2. HP: 26/26 MP: 2/2
   260 | D:1      | Reached skill level 5 in Axes
   414 | D:1      | Found a faded altar of an unknown god.
   721 | D:1      | Reached XP level 3. HP: 31/31 MP: 3/3
  1271 | D:2      | Upgraded the game from 0.28-a0-938-gbc3f381ebc to
                  | 0.28-a0-1080-g05a166d0ed
  1368 | D:2      | Reached skill level 6 in Axes
  1384 | D:2      | Slain by a gnoll

Illustrated notes

Levels and vault maps discovered:
D:1:      lemuel_arrival_hallway, layout_basic,
          chequers_ecumenical_altar_island, minmay_misc_feat_enclosed
D:2:      layout_loops_ring, corexii_hall_statues_u

Skill      XL: |  1  2  3 |
---------------+----------+-----
Axes           | 5 6 |  6.2
Fighting       | |  3.6
Armour         | |  2.1
Dodging        | |  1.5

Action                   || total
-------------------------++-------
Melee: Hand axe          ||   107
Invok: Berserk           ||     3
  Use: Scroll            ||     3
 Stab: Sleeping          ||     1
Armor: Animal skin       ||     8
       Scale mail        ||    30
Dodge: Dodged            ||    74

Table legend: (Time is in decaauts)
 A = Elapsed time spent in this place.
 B = Non-inter-level travel time spent in this place.
 C = Inter-level travel time spent in this place.
 D = Time resting spent in this place.
 E = Time spent auto-exploring this place.
 F = Levels seen in this place.
 G = Mean time per level.
                   A        B        C        D        E       F      G
               +--------+--------+--------+--------+--------+-----+--------+
         Total |   1417 |   1330 |     87 |    515 |    447 |   2 |  708.5 |
       Dungeon |   1417 |   1330 |     87 |    515 |    447 |   2 |  708.5 |
               +--------+--------+--------+--------+--------+-----+--------+

Top non-repeatable levels by time:
     D:1: 1003 daAuts
     D:2: 413 daAuts
